 Dungeon Crawl Stone Soup version 0.22-a0-367-gb72a975 (webtiles) character file.

336 khargal the Shield-Bearer (level 6, -6/38 HPs)
             Began as a Gargoyle Fighter on Apr 22, 2018.
             Mangled by an ogre
             ... wielding a +0 giant club
              (27 damage)
             ... on level 4 of the Dungeon on Apr 23, 2018.
             The game lasted 00:06:08 (2954 turns).

khargal the Shield-Bearer (Gargoyle Fighter)        Turns: 2954, Time: 00:06:09

Health: -6/38      AC: 11    Str: 20    XL:     6   Next: 54%
Magic:  6/6        EV:  7    Int:  9    God:
Gold:   137        SH: 12    Dex: 10    Spells: 5/5 levels left

rFire    . . .     SeeInvis .   a - +1 flail
rCold    . . .     Gourm    .   c - +1 shield
rNeg     + . .     Faith    .   b - +0 scale mail
rPois    ∞         Spirit   .   (no helmet)
rElec    +         Reflect  +   (no cloak)
rCorr    .         Harm     .   (no gloves)
MR       .....                  (no boots)
Stlth    ..........             g - +2 amulet of reflection
HPRegen  0.12/turn              (no ring)
MPRegen  0.10/turn              (no ring)

@: no status effects
A: negative energy resistance 1, electricity resistance, unbreathing,
petrification resistance, rot immunity, AC +4
a: no special abilities


You were on level 4 of the Dungeon.
You were not hungry.

You visited 1 branch of the dungeon, and saw 4 of its levels.

You collected 137 gold pieces.

Inventory:

Hand Weapons
 a - a +1 flail (weapon)
Armour
 b - a +0 scale mail (worn)
 c - a +1 shield (worn)
Jewellery
 g - a +2 amulet of reflection (around neck)
Wands
 o - a wand of iceblast (4)
Scrolls
 h - 4 scrolls of remove curse
 i - a scroll of noise
 j - a scroll of identify
Potions
 d - a potion of might
 e - 3 potions of heal wounds
Comestibles
 f - 2 rations
 k - 8 chunks of flesh


   Skills:
 + Level 4.0 Fighting
 + Level 4.3 Maces & Flails
 + Level 4.5 Armour
 + Level 5.1 Shields


You had 5 spell levels left.
You didn't know any spells.

Dungeon Overview and Level Annotations

Branches:
Dungeon (4/15)
 Temple: D:4-7

Altars:
Ashenzari
Kikubaaqudgha
Makhleb
Nemelex Xobeh


Innate Abilities, Weirdness & Mutations

You are resistant to torment.
Your stone body is resilient. (AC +4)
You are immune to poison.
You resist negative energy. (rN+)
You are resistant to electric shocks. (rElec)
You can survive without breathing.
You are immune to petrification.
You are immune to rotting.


Message History

You block the adder's attack.
You hit the adder.
The adder is heavily wounded.
The adder bites you but does no damage.
You closely miss the adder.
The adder is heavily wounded.
The adder barely misses you. You block the adder's attack.
You hit the adder.
The adder is severely wounded.
You block the adder's attack. x2
You thump the adder!
You kill the adder!
You thump the ogre!
The ogre is heavily wounded.
The ogre hits you with a giant club!
You sock the ogre!
The ogre is almost dead.
The ogre hits you with a giant club!!
Ouch! That really hurt!
You die...

....... ....... .......
### ##..... # .. #.....
#.#.# #..... ... .......
######O############.....
.......@................
........................
.....#.#................
.... #.#................
... ..#................
). ...#................
. ...#................
#.$.#.............>..
##...............


You could see an ogre.

Vanquished Creatures
  A scorpion (D:4)
  A hound (D:4)
  7 gnolls
  10 adders
  An ooze (D:1)
  3 worms
  4 dart slugs
  3 leopard geckos
  11 bats
  3 giant cockroaches
  9 goblins
  8 hobgoblins
  6 jackals
  A ball python (D:2)
  5 frilled lizards
  8 kobolds
  11 rats
92 creatures vanquished.

Notes
Turn   | Place    | Note
-------+----------+-------------------------------------------
     0 | D:1      | khargal the Gargoyle Fighter began the quest for the Orb.
     0 | D:1      | Reached XP level 1. HP: 14/14 MP: 1/1
    38 | D:1      | Reached XP level 2. HP: 17/19 MP: 2/2
   311 | D:1      | Reached XP level 3. HP: 23/23 MP: 3/3
   936 | D:2      | Found a faded altar of an unknown god.
   960 | D:2      | Reached skill level 4 in Shields
   960 | D:2      | Reached XP level 4. HP: 8/29 MP: 4/4
  1394 | D:2      | Found a sparkling altar of Nemelex Xobeh.
  1875 | D:3      | Found a shattered altar of Ashenzari.
  1966 | D:3      | Reached XP level 5. HP: 32/33 MP: 5/5
  2069 | D:3      | Found an ancient bone altar of Kikubaaqudgha.
  2803 | D:4      | Reached XP level 6. HP: 35/38 MP: 6/6
  2871 | D:4      | Found a burning altar of Makhleb.
  2947 | D:4      | Reached skill level 5 in Shields
  2954 | D:4      | Mangled by an ogre

Vault maps used:
D:1:      lightli_arrival_statuegarden, minivault_23
D:2:      marbit_many_paths, chequers_ecumenical_altar_island
D:3:      ashenzari_altar_1, kiku_gazebo_pond_becter, serial_bayou_lagoon_b
D:4:      lemuel_round_altar, first_ration, minmay_misc_feat_secret_circle,
          hangedman_minor_gate_pass

Skill      XL: |  1  2  3  4  5  6 |
---------------+-------------------+-----
Shields        | 4 5 |  5.1
Armour         | 4 |  4.5
Maces & Flails | 3 4 |  4.3
Fighting       | 4 |  4.0

Action                   |  1- 3 |  4- 6 || total
-------------------------+-------+-------++-------
Melee: Flail             |   160 |   206 ||   366
  Use: Scroll            |     2 |     8 ||    10
       Potion            |       |     2 ||     2
  Eat: Chunk             |       |     7 ||     7
Armor: Scale mail        |   128 |   101 ||   229
Dodge: Dodged            |    72 |    59 ||   131
Block: Shield            |   129 |   137 ||   266

Table legend:
 A = Spawn XP
 B = Non-spawn XP
 C = Spawn XP percentage of total XP
 D = Spawn monster count
 E = Non-spawn monster count
 F = Spawn count percentage of total count
 G = Total turns spent on level
                    A         B        C        D         E        F      G
               +---------+---------+-------+---------+---------+-------+---------
         Total |       0 |     481 |   0.0 |       0 |      92 |   0.0 |  2954
               +---------+---------+-------+---------+---------+-------+---------
           D:1 |       0 |      60 |   0.0 |       0 |      32 |   0.0 |   885
           D:2 |       0 |      94 |   0.0 |       0 |      27 |   0.0 |   906
           D:3 |       0 |     115 |   0.0 |       0 |      23 |   0.0 |   940
           D:4 |       0 |     212 |   0.0 |       0 |      10 |   0.0 |   223
               +---------+---------+-------+---------+---------+-------+---------
